 Dungeon Crawl Stone Soup version 0.28-a0-1199-gef9e1dbd39 (webtiles) character file.

Game seed: 16908390436452187365

152 bande the Covered (level 5, 0/33 HPs)
             Began as a Gargoyle Fighter on Dec 20, 2021.
             Slain by Pikel (9 damage)
             ... on level 3 of the Dungeon.
             The game lasted 00:04:45 (3785 turns).

bande the Covered (Gargoyle Fighter)                Turns: 3785, Time: 00:04:46

Health: 0/33       AC: 19    Str: 22    XL:     5   Next: 34%
Magic:  5/5        EV:  8    Int:  9    God:
Gold:   108        SH:  9    Dex: 11    Spells: 4/4 levels left

rFire   + . .      SeeInvis .   a - +0 war axe
rCold   . . .      Faith    .   c - +0 buckler
rNeg    + . .      Spirit   .   n - +0 chain mail
rPois   ∞          Reflect  +   (no helmet)
rElec   +          Harm     .   (no cloak)
rCorr   .          Rampage  .   b - +1 pair of gloves {Str+3}
Will    .....                   (no boots)
Stlth   ..........              m - amulet of reflection
HPRegen 0.11/turn               g - ring of protection from fire
MPRegen 0.09/turn               o - +4 ring of protection

@: no status effects
A: sickness immunity, AC +4, negative energy resistance 1, electricity
resistance, torment resistance 1, petrification resistance
a: no special abilities


You were on level 3 of the Dungeon.
You visited 1 branch of the dungeon, and saw 4 of its levels.

You collected 108 gold pieces.

Inventory:

Hand Weapons
 a - a +0 war axe (weapon)
Armour
 b - a +1 pair of gloves of strength (worn)
 c - a +0 buckler (worn)
 n - a +0 chain mail (worn)
Jewellery
 g - a ring of protection from fire (left hand)
 m - an amulet of reflection (around neck)
 o - a +4 ring of protection (right hand)
Scrolls
 e - a scroll of enchant weapon {unknown}
 f - 2 scrolls of blinking {unknown}
 h - a scroll of immolation {unknown}
 i - 4 scrolls of teleportation {unknown}
 j - 6 scrolls of identify {unknown}
 k - a scroll of fear {unknown}
 l - a scroll of silence {unknown}
Potions
 d - a potion of might


   Skills:
 + Level 3.9 Fighting
 + Level 3.4 Axes
 + Level 4.3 Armour
 + Level 0.1 Stealth
 + Level 3.8 Shields


You had 4 spell levels left.
You didn't know any spells.
Your spell library contained the following spells:

 Spells                   Type           Power      Damage    Failure   Level
 Stone Arrow              Conj/Erth      0%         3d7       100%        3
 Animate Armour           Summ/Erth      0%         N/A       100%        4
 Lehudib's Crystal Spear  Conj/Erth      0%         10d2      100%        8


Dungeon Overview and Level Annotations

Branches:
Dungeon (4/15)
 Temple: D:4-7

Altars:
Uskayaw

Shops:
D:3 ?

Annotations:
D:3 Pikel


Innate Abilities, Weirdness & Mutations

You are immune to sickness and miasma.
Your stone body is resilient. (AC +4)
You are immune to poison.
You resist negative energy. (rN+)
You are resistant to electric shocks. (rElec)
You are resistant to unholy torment.
You are immune to petrification.


Message History

The lemure is almost dead.
The lemure hits you.
* * * LOW HITPOINT WARNING * * *
You barely miss the lemure.
The lemure is almost dead.
The lemure hits you but does no damage. The lemure closely misses you.
You slash the lemure!
You kill the lemure!
That felt strangely unrewarding.
You start resting.
You start resting.
HP restored.
You start waiting.
Done waiting.
You start waiting.
Done waiting.
There is a stone staircase leading down here.
You climb downwards.
Level annotation: Pikel The lemure hits you but does no damage.
Pikel barely misses you. The lemure barely misses you.
Pikel hits you but does no damage.
There is a stone staircase leading up here.
The lemure hits you but does no damage.
Pikel hits you with a +2 whip of freezing!
Pikel freezes you.
You climb upwards.
There is a stone staircase leading down here.
You closely miss Pikel. You closely miss the lemure.
The lemure closely misses you.
Pikel hits you with a +2 whip of freezing!
* * * LOW HITPOINT WARNING * * *
Pikel freezes you.
* * * LOW HITPOINT WARNING * * *
Unknown command.
You hit Pikel but do no damage. You hit the lemure.
The lemure barely misses you. You block Pikel's attack.
You closely miss Pikel. You hit the lemure. You block the lemure's attack.
You block Pikel's attack. The lemure hits you but does no damage.
Pikel hits you with a +2 whip of freezing!
You die...

#.....## #...####### #.###
#####..# ##...#..#..# #..#
#......# ####..####.#.#### #..#
#.###### #......# #......####..##
#.#..# #......# ##.###...#....#
#.#..# #......###..# ###.#.##.#
#.#..# #......##..## #.#.##.#
..##.# ###.........#######...##.#
####.###........@#####......###..
##.............5K......###.###..#
.....###.####.#.####..## #.##....
##.#.# #.# #.#.# ##.# #.#....#
#.#.###.####...# #.# ##...#.#
#...##..#....### #.# #...#.#
##..###.......### #.# #.....#
#...###..#.#....#####.#####.....#
...#....##.#..#.....#.#..........


You could see Pikel and a lemure.

Vanquished Creatures
  2 lemures (D:3)
  A hound (D:4)
  An iguana (D:4)
  2 adders
  An ufetubus (D:3)
  2 worms
  4 dart slugs
  An orc (D:3)
  7 ball pythons
  2 endoplasms
  A giant cockroach (D:3)
  6 goblins
  6 hobgoblins
  7 jackals
  2 kobolds (D:3)
  7 bats
  2 frilled lizards
  6 rats
60 creatures vanquished.

Vanquished Creatures (others)
  A plant (D:1)
1 creature vanquished.

Grand Total: 61 creatures vanquished

Notes
Turn   | Place    | Note
-------+----------+-------------------------------------------
     0 | D:1      | bande the Gargoyle Fighter began the quest for the Orb.
     0 | D:1      | Reached XP level 1. HP: 14/14 MP: 1/1
   180 | D:1      | Reached XP level 2. HP: 19/19 MP: 2/2
   653 | D:1      | Reached XP level 3. HP: 23/23 MP: 3/3
  1277 | D:2      | Found a hide-covered altar of Uskayaw.
  1619 | D:3      | Found a faded altar of an unknown god.
  1622 | D:3      | Reached XP level 4. HP: 29/29 MP: 4/4
  1727 | D:3      | Found Bit Ladu's Magic Scroll Shoppe.
  1794 | D:3      | Reached skill level 4 in Armour
  2830 | D:4      | Reached XP level 5. HP: 16/33 MP: 5/5
  3068 | D:4      | Noticed a lemure
  3068 | D:4      | Noticed a lemure
  3068 | D:4      | Noticed a lemure
  3069 | D:4      | Noticed Pikel
  3070 | D:4      | Noticed a lemure
  3304 | D:3      | Killed a lemure
  3307 | D:3      | Killed a lemure
  3785 | D:3      | Slain by Pikel

Illustrated notes

Levels and vault maps discovered:
D:1:      matt_arrival_spirals, layout_loops_cross, serial_forest,
          infiniplex_forest_straight_2, infiniplex_forest_clump_medium,
          infiniplex_forest_clump_small, infiniplex_forest_lined_corner,
          infiniplex_forest_clump_large, infiniplex_forest_lined_3,
          hangedman_decor_clover_reticule
D:2:      layout_basic, basic_altar
D:3:      layout_rooms, serial_shops, shop, serial_co_window_serial,
          co_window_cross_1, co_window_corner_a, co_window_corner_a,
          co_window_corner_a, co_window_corner_a, co_window_corner_b,
          co_window_broadway_c, co_window_broadway_b, co_window_unsneaky_path_d,
          co_window_corner_b, co_window_corner_cb, co_window_paths_c,
          basic_ecumenical_altar
D:4:      layout_cave_pools, uniq_pikel

Skill      XL: |  1  2  3  4 |
---------------+-------------+-----
Axes           | 2 3 |  3.4
Armour         | 4 |  4.3
Fighting       | |  3.9
Stealth        | |  0.1
Shields        | |  3.8

Action                   |  1- 3 |  4- 6 || total
-------------------------+-------+-------++-------
Melee: War axe           |   104 |    90 ||   194
Armor: Scale mail        |    56 |    23 ||    79
       Chain mail        |       |    51 ||    51
Dodge: Dodged            |    41 |    38 ||    79
Block: Buckler           |    27 |    36 ||    63

Table legend: (Time is in decaauts)
 A = Elapsed time spent in this place.
 B = Non-inter-level travel time spent in this place.
 C = Inter-level travel time spent in this place.
 D = Time resting spent in this place.
 E = Time spent auto-exploring this place.
 F = Levels seen in this place.
 G = Mean time per level.
                   A        B        C        D        E       F      G
               +--------+--------+--------+--------+--------+-----+--------+
         Total |   3859 |   3835 |     24 |    671 |   2514 |   4 |  964.8 |
       Dungeon |   3859 |   3835 |     24 |    671 |   2514 |   4 |  964.8 |
               +--------+--------+--------+--------+--------+-----+--------+

Top non-repeatable levels by time:
     D:3: 1845 daAuts
     D:1: 972 daAuts
     D:2: 675 daAuts
     D:4: 366 daAuts
